 Dungeon Crawl Stone Soup version 0.29-a0-352-g0917bc69df (webtiles) character file.

Game seed: 7140137061333601515

6790 MirrMurr the Covert (level 10, -5/51 HPs)
             Began as a Spriggan Enchanter on Apr 24, 2022.
             Was a Believer of Dithmenos.
             Killed by divine providence
             ... invoked by a meliai
              (11 damage)
             ... on level 11 of the Dungeon.
             The game lasted 00:21:28 (11034 turns).

MirrMurr the Covert (Spriggan Enchanter)           Turns: 11034, Time: 00:21:29

Health: -5/51      AC:  5    Str:  8    XL:     10   Next: 76%
Magic:  18/18      EV: 40    Int: 17    God:    Dithmenos [**....]
Gold:   343        SH:  0    Dex: 16    Spells: 2/18 levels left

rFire   . . .      SeeInvis +   a - +1 dagger
rCold   . . .      Faith    .   (no shield)
rNeg    . . .      Spirit   .   y - +0 steam dragon scales
rPois   .          Reflect  .   (helmet restricted)
rElec   .          Harm     .   (no cloak)
rCorr   .          Rampage  .   (gloves unavailable)
Will    +....                   (boots unavailable)
Stlth   ++++++....              j - amulet of the acrobat
HPRegen 0.17/turn               (no ring)
MPRegen 0.16/turn               (no ring)

@: acrobatic, wreathed by umbra, very quick
A: very small, no large weapons, unfitting armour, see invisible, speed 3
a: Renounce Religion, Shadow Step


You were on level 11 of the Dungeon.
You worshipped Dithmenos.
Dithmenos was pleased with you.
You visited 2 branches of the dungeon, and saw 12 of its levels.

You collected 343 gold pieces.

Inventory:

Hand Weapons
 a - a +1 dagger (weapon)
 b - a +2 hunting sling of flaming
 f - a +0 rapier
 s - a +0 dagger of speed
Missiles
 e - 355 stones (quivered)
 i - 2 throwing nets
 m - 9 poisoned darts
 p - 4 boomerangs
Armour
 k - a +1 buckler
 y - +0 steam dragon scales (worn)
Jewellery
 j - an amulet of the acrobat (around neck)
 o - an amulet of reflection
 v - a +6 ring of dexterity
 w - a +6 ring of dexterity
Wands
 h - a wand of iceblast (11)
Scrolls
 d - a scroll of enchant armour
 g - a scroll of holy word
 u - 2 scrolls of fear
 x - a scroll of identify
 z - a scroll of blinking {unknown}
Potions
 c - 4 potions of invisibility
 l - a potion of curing
 n - a potion of berserk rage {unknown}
 q - a potion of mutation
 r - 3 potions of lignification
 t - a potion of brilliance {unknown}
 A - a potion of might {unknown}


   Skills:
 + Level 4.4 Fighting
 - Level 8.0 Short Blades
 - Level 12.0 Dodging
 - Level 12.0 Stealth
 * Level 2.3 Shields
 + Level 4.9 Spellcasting
 - Level 8.0 Hexes


You had 2 spell levels left.
You knew the following spells:

 Your Spells              Type           Power      Damage    Failure   Level
a - Ensorcelled Hibernat  Hex/Ice        34%        N/A       4%          2
b - Confusing Touch       Hex            31%        N/A       1%          3
c - Tukima's Dance        Hex            31%        N/A       1%          3
d - Dazzling Flash        Conj/Hex       34%        N/A       9%          3
f - Cause Fear            Hex            15%        N/A       5%          4
A - Apportation           Tloc           8%         N/A       14%         1

Your spell library contained the following spells:

 Spells                   Type           Power      Damage    Failure   Level
 Animate Skeleton         Necr           8%         N/A       14%         1
 Summon Small Mammal      Summ           16%        N/A       14%         1
 Inner Flame              Hex/Fire       17%        N/A       9%          3
 Ozocubu's Armour         Ice            4%         N/A       41%         3
 Metabolic Englaciation   Hex/Ice        8%         N/A       61%         5
 Simulacrum               Ice/Necr       2%         N/A       100%        6
 Discord                  Hex            15%        N/A       100%        8


Dungeon Overview and Level Annotations

Branches:
Dungeon (11/15)            Temple (1/1) D:7            Lair (0/6) D:8
    Orc: D:9-12

Altars:
Ashenzari
Cheibriados
Dithmenos
Elyvilon
Fedhas
Gozag
Hepliaklqana
Kikubaaqudgha
Makhleb
Nemelex Xobeh
Okawaru
Qazlal
Ru
Sif Muna
Trog
Uskayaw
Vehumet
Wu Jian
Xom
Yredelemnul
Zin
The Shining One

Annotations:
D:9 exclusion: 2 killer bees
D:11 Urug


Innate Abilities, Weirdness & Mutations

You are very small and have problems with some larger weapons.
You are too small for most types of armour.
You have supernaturally acute eyesight. (SInv)
You cover ground extremely quickly. (Speed+++)


Message History

There is a stone staircase leading down here.
You climb downwards.
Found a long sword.
There is a stone staircase leading up here.
A shadow is nearby!
You hit the shadow but do no damage. You hit the shadow but do no damage.
The shadow slips into darkness.
The shadow flickers and vanishes for a moment.
Casting: Confusing Touch (safe; 1% risk of failure)
Confirm with . or Enter, or press ? or * to list all spells.
Your hands begin to glow red.
The shadow completely misses you.
You hit the shadow but do no damage. You hit the shadow but do no damage.
The shadow appears confused.
You catch the helpless shadow completely off-guard!
You impale the shadow!!
You destroy the shadow!
Dithmenos accepts your kill.
No target in view!
No target in view!
Key pressed, stopping explore.
No target in view!
Magic restored.
As you open the door, it creaks loudly!
Urug and 3 meliai come into view.
The meliai buzzes angrily. x2; Urug shouts!
Urug throws a javelin.
The javelin misses you.
The meliai mumbles some strange prayers to its god against you.
Something smites you!
Found a +6 ring of dexterity.
The meliai hits you with a +0 war axe! The meliai completely misses you.
The meliai mumbles some strange prayers to its god against you.
Something smites you! The meliai attacks as you move away!
The meliai completely misses you. x2
The meliai calls down the wrath of its god upon you.
Something smites you!
* * * LOW HITPOINT WARNING * * *
The meliai invokes the aid of its god against you.
Something smites you!
You die...

# .# .# +### ..# .o...
########.###
......#####...^......#
...=..'..##.....<....#
......##..#..........#
..... ##yy.y.@......#
.... ###..........#
### #..).......#
############


You could see 3 meliai.

Vanquished Creatures
  Erolcha (D:10)
  3 two-headed ogres
  A gargoyle (D:7)
  An unseen horror (D:10)
  A komodo dragon (D:11)
  A shadow (D:11)
  2 yaks
  A steam dragon (D:9)
  A vampire mosquito (D:11)
  Edmund (D:6)
  A water moccasin (D:8)
  3 orc warriors
  2 black bears
  2 ogres (D:6)
  An ice beast (D:8)
  2 centaurs
  A kobold brigand (D:8)
  2 phantoms
  Blork the orc (D:5)
  6 bullfrogs
  4 scorpions
  A wight (D:6)
  8 orc priests
  A gnoll shaman (D:7)
  5 jellies
  A hound (D:7)
  2 iguanas (D:5)
  6 orc wizards
  Robin (D:2)
  4 gnolls (D:7)
  6 adders
  A shadow imp (D:5)
  An ufetubus (D:5)
  An adder zombie (D:3)
  2 dart slugs (D:5)
  36 orcs
  5 ball pythons
  8 endoplasms
  5 giant cockroaches
  9 goblins
  14 hobgoblins
  4 jackals
  4 quokkas
  A ball python zombie (D:3)
  5 bats
  5 frilled lizards
  10 kobolds
  7 rats
191 creatures vanquished.

Vanquished Creatures (collateral kills)
  A gnoll (D:5)
  An orc (D:3)
2 creatures vanquished.

Vanquished Creatures (others)
  A goblin (D:2)
  28 fungi (D:8)
  31 plants
60 creatures vanquished.

Grand Total: 253 creatures vanquished

Notes
Turn   | Place    | Note
-------+----------+-------------------------------------------
     0 | D:1      | MirrMurr the Spriggan Enchanter began the quest for the
                  | Orb.
     0 | D:1      | Reached XP level 1. HP: 9/9 MP: 5/5
   392 | D:3      | Reached XP level 2. HP: 13/13 MP: 6/6
   395 | D:3      | Learned a level 2 spell: Ensorcelled Hibernation
   443 | D:3      | Reached skill level 5 in Stealth
   443 | D:3      | Reached XP level 3. HP: 16/16 MP: 2/8
   447 | D:3      | Learned a level 3 spell: Confusing Touch
  1413 | D:4      | Reached XP level 4. HP: 15/21 MP: 9/9
  1704 | D:4      | Noticed a phantom
  2213 | D:5      | Entered Level 5 of the Dungeon
  2215 | D:5      | Reached XP level 5. HP: 24/24 MP: 10/10
  2881 | D:5      | HP: 1/24 [gnoll/+0 halberd (9)]
  3117 | D:5      | Learned a level 3 spell: Tukima's Dance
  3334 | D:5      | Reached XP level 6. HP: 28/28 MP: 6/11
  3391 | D:5      | Noticed a two-headed ogre
  3405 | D:5      | Killed a two-headed ogre
  3406 | D:5      | Reached skill level 5 in Short Blades
  3406 | D:5      | Reached XP level 7. HP: 29/32 MP: 11/14
  3727 | D:2      | Noticed Robin
  3894 | D:3      | Reached skill level 1 in Fighting
  3894 | D:3      | Reached XP level 8. HP: 16/37 MP: 5/15
  4510 | D:6      | Found a snail-covered altar of Cheibriados.
  4581 | D:6      | Noticed Edmund
  4595 | D:6      | Killed Edmund
  4596 | D:6      | Reached skill level 5 in Dodging
  4776 | D:5      | Noticed Blork the orc
  4781 | D:5      | Killed Blork the orc
  5083 | D:6      | Reached XP level 9. HP: 45/45 MP: 13/16
  5108 | D:6      | Learned a level 3 spell: Dazzling Flash
  5113 | D:6      | Learned a level 4 spell: Cause Fear
  5115 | D:6      | Learned a level 1 spell: Apportation
  5605 | D:7      | Found a staircase to the Ecumenical Temple.
  5614 | Temple   | Entered the Ecumenical Temple
  5774 | Temple   | Became a worshipper of Dithmenos the Shadowed
  5989 | D:7      | Noticed a gargoyle
  5998 | D:7      | Killed a gargoyle
  7315 | D:3      | Found a basalt altar of Yredelemnul.
  7838 | D:2      | Killed Robin
  8008 | D:2      | Identified the +6 tower shield of the Ladybird {rCorr
                  | Slay+5 SInv Stlth+}
  8052 | D:2      | Reached * piety under Dithmenos
  9333 | D:9      | Noticed a two-headed ogre
  9342 | D:9      | Killed a two-headed ogre
  9343 | D:9      | Reached skill level 10 in Stealth
  9602 | D:8      | Reached skill level 10 in Dodging
  9615 | D:8      | Reached ** piety under Dithmenos
  9660 | D:8      | Reached XP level 10. HP: 49/49 MP: 17/17
  9731 | D:8      | Found a staircase to the Lair.
 10218 | D:9      | Noticed a two-headed ogre
 10227 | D:9      | Killed a two-headed ogre
 10342 | D:10     | Entered Level 10 of the Dungeon
 10845 | D:10     | Noticed Erolcha
 10859 | D:10     | Reached skill level 1 in Shields
 10865 | D:10     | Killed Erolcha
 11027 | D:11     | Noticed Urug
 11034 | D:11     | Killed from afar by a meliai

Illustrated notes

Levels and vault maps discovered:
D:1:      dpeg_arrival_simpleton_c, layout_basic
D:2:      layout_rooms, serial_bayou_pond_c, uniq_robin
D:3:      layout_basic, lemuel_zombie_altar_yredelemnul,
          minmay_misc_feat_pillars
D:4:      layout_cave_pools, lemuel_old_faithful
D:5:      layout_loops_ring, nicolae_ossuary_entry_monument, minmay_bent,
          uniq_blork_the_orc
D:6:      layout_loops_cross, marbit_many_paths, uniq_edmund
D:7:      layout_basic, minmay_temple_entry_junction
D:8:      wander_river, layout_basic, due_lair_maze_entry_diamond, serial_shops,
          kennysheep_mini_moat
D:9:      layout_cross, serial_shops, shop, kennysheep_generic_room_7
D:10:     layout_basic, uniq_erolcha
D:11:     layout_roguey, erik_orc_1, uniq_urug, uniq_maurice
Temple:   regret_index_temple_chain_breaker

Skill      XL: |  1  2  3  4  5  6  7  8  9 10 |
---------------+-------------------------------+-----
Short Blades   | 2 3 4 5 7 8 |  8.0
Stealth        | 5 6 7 8 10 12 | 12.0
Spellcasting   | 4 |  4.9
Hexes          | 7 8 |  8.0
Dodging        | 3 8 10 12 | 12.0
Fighting       | 1 4 |  4.4
Shields        | 2 |  2.3

Action                   |  1- 3 |  4- 6 |  7- 9 | 10-12 || total
-------------------------+-------+-------+-------+-------++-------
Melee: Dagger            |    79 |    51 |   218 |    77 ||   425
       Punch             |     1 |       |       |       ||     1
 Fire: Hunting sling     |       |       |    52 |       ||    52
Throw: Throwing net      |       |     1 |       |       ||     1
       Stone             |       |       |     1 |       ||     1
 Cast: Ensorcelled Hiber |    14 |    28 |    83 |    30 ||   155
       Confusing Touch   |       |     1 |     8 |     7 ||    16
       Tukima's Dance    |       |     1 |     1 |       ||     2
  Use: Scroll            |       |     4 |     9 |     1 ||    14
       Potion            |       |       |       |     2 ||     2
 Stab: Sleeping          |    17 |    21 |    68 |    15 ||   121
       Confused          |       |     1 |     9 |     6 ||    16
       Distracted        |       |       |     1 |       ||     1
Armor: Robe              |     6 |     4 |    12 |       ||    22
       Steam dragon scal |       |       |     1 |     2 ||     3
Dodge: Dodged            |    65 |    35 |   119 |    87 ||   306

Table legend: (Time is in decaauts)
 A = Elapsed time spent in this place.
 B = Non-inter-level travel time spent in this place.
 C = Inter-level travel time spent in this place.
 D = Time resting spent in this place.
 E = Time spent auto-exploring this place.
 F = Levels seen in this place.
 G = Mean time per level.
                   A        B        C        D        E       F      G
               +--------+--------+--------+--------+--------+-----+--------+
         Total |   8652 |   8025 |    627 |   2059 |   4426 |  12 |  721.0 |
       Dungeon |   8546 |   7933 |    613 |   2059 |   4344 |  11 |  776.9 |
        Temple |    106 |     92 |     14 |      0 |     81 |   1 |  106.0 |
               +--------+--------+--------+--------+--------+-----+--------+

Top non-repeatable levels by time:
     D:5: 1628 daAuts
     D:3: 1405 daAuts
     D:4: 1112 daAuts
     D:1: 1021 daAuts
     D:7: 824 daAuts
     D:6: 823 daAuts
     D:2: 511 daAuts
     D:8: 463 daAuts
     D:9: 364 daAuts
    D:10: 238 daAuts
    D:11: 151 daAuts
  Temple: 106 daAuts
